 Dungeon Crawl Stone Soup version 0.16-a0-3712-g87ae24a (webtiles) character file.

2377 Charly the Cleaver (level 9, -1/82 HPs)
             Began as a Minotaur Gladiator on Jan 20, 2015.
             Was an Initiate of Makhleb.
             Slain by an orc
             ... wielding a +1 flail of protection
              (9 damage)
             ... on level 9 of the Dungeon.
             The game lasted 00:27:59 (2253 turns).

Charly the Cleaver (Minotaur Gladiator)             Turns: 2253, Time: 00:27:59

Health: -1/82      AC:  3    Str: 21    XL:     9   Next: 21%
Magic:  4/4        EV: 15    Int:  5    God:    Makhleb [......]
Gold:   168        SH:  0    Dex: 14    Spells: 0 memorised, 8 levels left

rFire  + + +     SeeInvis .     a - +1 war axe
rCold  . . .     Clarity  .     b - +0 leather armour (curse)
rNeg   . . .     SustAb   .     (no shield)
rPois  .         Gourm    .     c - +0 hat
rElec  .         Spirit   .     (no cloak)
rCorr  .         Warding  .     (no gloves)
rMut   .         Stasis   .     (no boots)
MR     .....                    (no amulet)
Stlth  +.........               o - ring "Zuatam" {+Fly rF++ Str-3 Dex+4}
                                k - ring of protection from fire

@: not resistant to hostile enchantments, very unstealthy
A: retaliatory headbutt, horns 2
a: Renounce Religion, Evoke Flight


You were on level 9 of the Dungeon.
You worshipped Makhleb.
Makhleb was noncommittal.
You were not hungry.

You visited 2 branches of the dungeon, and saw 10 of its levels.
You also visited: Sewer.

You collected 288 gold pieces.
You spent 120 gold pieces at shops.

Inventory:

Hand weapons
 a - a +1 war axe (weapon)
Armour
 b - a cursed +0 leather armour (worn)
 c - a +0 hat (worn)
 g - a +0 troll leather armour
Jewellery
 k - a ring of protection from fire (left hand)
 o - the ring "Zuatam" (right hand) {+Fly rF++ Str-3 Dex+4}
   (You bought it in a shop on level 5 of the Dungeon)

   [ring of flight]

   It affects your strength (-3).
   It affects your dexterity (+4).
   It greatly protects you from fire.
   It lets you fly.
Magical devices
 d - a wand of slowing (12)
 i - a wand of fire (12)
 r - a wand of frost (17)
Scrolls
 e - a scroll of fog
 l - a scroll of magic mapping
 n - 2 scrolls of teleportation
 p - 3 scrolls of recharging
Potions
 h - a potion of haste {unknown}
 j - a potion of restore abilities
 m - 4 potions of curing
 q - a potion of magic
 s - a potion of might
 v - a potion of berserk rage {unknown}
Comestibles
 f - 3 bread rations
 u - a slice of pizza


   Skills:
 + Level 8.5 Fighting
 * Level 11.4 Axes
 - Level 2.0 Throwing
 + Level 6.0 Dodging


You had 8 spell levels left.
You didn't know any spells.

Dungeon Overview and Level Annotations

Branches:
Dungeon (9/15)             Temple (1/1) D:4
   Lair: D:8-11         Orc: D:9-12

Altars:
Ashenzari
Cheibriados
Dithmenos
Elyvilon
Fedhas
Gozag
Kikubaaqudgha
Makhleb
Nemelex Xobeh
Qazlal
Ru
Sif Muna
Trog
Vehumet
Xom
Yredelemnul
Zin
The Shining One

Shops:
D:5 *(   D:9 !


Innate Abilities, Weirdness & Mutations

You reflexively headbutt those who attack you in melee.
You have a pair of horns on your head.


Message History

The orc wizard is heavily wounded.
You slash the orc!
You kill the orc!
Makhleb accepts your kill.
You closely miss the orc. The orc priest closely misses you.
The orc wizard misses you. You furiously retaliate!
You headbutt the orc wizard, but do no damage.
The orc barely misses you.
You slash the orc priest!
You kill the orc priest!
Makhleb accepts your kill.
Your Dodging skill increases to level 6!
You completely miss the orc. You slash the orc wizard!
You kill the orc wizard!
Makhleb accepts your kill.
The orc hits you with a flail of protection.
* * * LOW HITPOINT WARNING * * *
You hit the orc but do no damage. Your headbutt misses the orc.
The orc hits you with a flail of protection!
You die...

#.# #.### ## #... .#
#..#####.### ######
#..#.......###
.....#####..#.#8....... #
#[.......††.).#...#
###..####....8.∩)8..#...#
.)...# #........@).......
####.# ##......8.o#.....$
# #.# ##.###..### ....
####.# #.# #### .. .....#
#.# ###### #+# # #...# ##
#.....# .## ##.......


You could see an orc.

Vanquished Creatures
  2 trolls (D:8)
  A deep elf mage (D:4)
  Eustachio (D:5)
  The ghost of Tyryt0 the Shield-Bearer, an average DgFi (D:4)
  Menkaure (D:5)
  2 orc warriors
  6 ogres
  A centaur (D:5)
  A wasp (D:8)
  A giant frog (D:6)
  A scorpion (D:8)
  A crimson imp (D:6)
  2 iguanas (D:8)
  2 orc wizards (D:9)
  A giant frog skeleton (D:5)
  A hound (D:4)
  A jelly (D:6)
  An orc priest (D:9)
  A worker ant (D:4)
  A hound skeleton (D:5)
  A river rat (Sewer)
  5 adders
  2 giant mites (D:5)
  A worm (D:3)
  An adder zombie (D:5)
  3 giant geckos
  9 orcs
  5 ball pythons
  7 bats
  A bat skeleton (D:5)
  8 giant cockroaches
  9 goblins
  6 hobgoblins
  3 jackals (D:9)
  7 giant newts
  A giant spore (D:9)
  A jackal skeleton (D:4)
  3 kobolds
  A quokka (D:6)
  A quokka zombie (D:5)
  9 rats
  2 ballistomycetes (D:9)
115 creatures vanquished.

Notes
Turn   | Place    | Note
--------------------------------------------------------------
     0 | D:1      | Charly, the Minotaur Gladiator, began the quest for the Orb.
     0 | D:1      | Reached XP level 1. HP: 18/18 MP: 1/1
    45 | D:2      | Found a basalt altar of Yredelemnul.
    48 | D:2      | Reached XP level 2. HP: 12/25 MP: 1/1
    51 | D:2      | Reached skill level 4 in Axes
   137 | D:3      | Reached XP level 3. HP: 20/31 MP: 2/2
   245 | D:4      | Noticed Tyryt0's ghost (average DgFi)
   481 | D:4      | Killed Tyryt0's ghost
   481 | D:4      | Reached skill level 6 in Axes
   481 | D:4      | Reached XP level 4. HP: 23/41 MP: 2/2
   481 | D:4      | Reached XP level 5. HP: 26/47 MP: 2/2
   486 | D:4      | Found a staircase to the Ecumenical Temple.
   502 | D:4      | Reached skill level 5 in Fighting
   504 | Temple   | Entered the Ecumenical Temple
   707 | D:4      | Noticed an ogre
   714 | D:4      | Killed an ogre
   714 | D:4      | Reached skill level 7 in Axes
   714 | D:4      | Reached XP level 6. HP: 56/56 MP: 3/3
   757 | D:4      | Noticed a deep elf mage
   763 | D:4      | Killed a deep elf mage
   765 | D:4      | Noticed an ogre
   770 | D:4      | Killed an ogre
   770 | D:4      | Reached skill level 8 in Axes
   770 | D:4      | Reached XP level 7. HP: 49/63 MP: 3/3
   789 | D:5      | Entered Level 5 of the Dungeon
   819 | D:5      | Noticed Menkaure
   821 | D:5      | Killed Menkaure
   825 | D:5      | Found Kuenaom's Assorted Antiques.
   833 | D:5      | Bought a fine turquoise ring for 120 gold pieces
   833 | D:5      | Identified the ring "Zuatam" {+Fly rF++ Str-3 Dex+4} (You bought it in a shop on level 5 of the Dungeon)
   928 | D:5      | Found a white marble altar of Elyvilon.
  1021 | D:5      | Found a glowing drain.
  1025 | Sewer    | Entered a sewer
  1029 | Sewer    | Reached skill level 9 in Axes
  1356 | D:5      | Found Klon's Weapon Emporium.
  1506 | D:5      | Noticed Eustachio
  1524 | D:5      | Killed Eustachio
  1524 | D:5      | Reached XP level 8. HP: 63/71 MP: 3/3
  1851 | D:8      | Reached skill level 10 in Axes
  1908 | D:8      | Found a shattered altar of Ashenzari.
  1964 | D:8      | Noticed a troll
  1967 | D:8      | Noticed a troll
  1978 | D:8      | Killed a troll
  1978 | D:8      | Reached skill level 5 in Dodging
  1988 | D:8      | Killed a troll
  1988 | D:8      | Reached skill level 11 in Axes
  2053 | D:8      | Reached XP level 9. HP: 25/81 MP: 4/4
  2069 | D:8      | Found a sacrificial altar of Ru.
  2185 | D:9      | Found a burning altar of Makhleb.
  2190 | D:9      | Became a worshipper of Makhleb the Destroyer
  2235 | D:9      | Found Zutat's Distillery.
  2253 | D:9      | Slain by an orc

Action                   |  1- 3 |  4- 6 |  7- 9 || total
-------------------------+-------+-------+-------++-------
Melee: War axe           |    67 |    22 |   167 ||   256
Throw: Throwing net      |       |     3 |     4 ||     7
Evoke: Wand              |       |     1 |     7 ||     8
  Use: Potion            |     2 |       |     1 ||     3
       Scroll            |     2 |       |    12 ||    14
  Eat: Pizza             |       |       |     2 ||     2
       Beef jerky        |       |       |     1 ||     1
